 Dungeon Crawl Stone Soup version 0.21.1-1-g345015f (webtiles) character file.

374 Goblin1989 the Chopper (level 6, -6/48 HPs)
             Began as a Demonspawn Monk on Feb 5, 2018.
             Was a Priest of Uskayaw.
             Mangled by a gnoll
             ... wielding a +0 halberd
              (9 damage)
             ... on level 3 of the Dungeon.
             The game lasted 00:08:26 (4046 turns).

Goblin1989 the Chopper (Demonspawn Monk)            Turns: 4046, Time: 00:08:27

Health: -6/48      AC:  9    Str: 13    XL:     6   Next: 43%
Magic:  0/6        EV: 10    Int: 11    God:    Uskayaw [***...]
Gold:   61         SH:  4    Dex: 16    Spells: 5/5 levels left

rFire    . . .     SeeInvis .   a - +0 hand axe
rCold    . . .     Gourm    .   w - +0 buckler
rNeg     . . .     Faith    .   z - +0 scale mail
rPois    +         Spirit   +   j - +0 helmet
rElec    .         Reflect  .   (no cloak)
rCorr    .         Harm     .   (no gloves)
MR       .....                  (no boots)
Stlth    ..........             l - amulet of guardian spirit
HPRegen  0.16/turn              o - ring of poison resistance
MPRegen  0.10/turn              (no ring)

@: no status effects
A: hooves 1, molten scales 1
a: Stomp, Line Pass, Renounce Religion


You were on level 3 of the Dungeon.
You worshipped Uskayaw.
Uskayaw was noncommittal.
You were not hungry.

You visited 1 branch of the dungeon, and saw 3 of its levels.

You collected 61 gold pieces.

Inventory:

Hand Weapons
 a - a +0 hand axe (weapon)
Armour
 j - a +0 helmet (worn)
 n - a +0 ring mail
 w - a +0 buckler (worn)
 z - a +0 scale mail (worn)
Jewellery
 l - an amulet of guardian spirit (around neck)
 o - a ring of poison resistance (left hand)
Scrolls
 f - 3 scrolls of blinking {unknown}
 k - a scroll of immolation {unknown}
 m - 3 scrolls of identify {unknown}
 p - 2 scrolls of enchant weapon {unknown}
 q - a scroll of magic mapping {unknown}
 s - a scroll of remove curse {unknown}
 t - a scroll of teleportation {unknown}
 y - 2 scrolls of noise {unknown}
 A - a scroll of random uselessness {unknown}
Potions
 h - a potion of heal wounds {unknown}
 i - a potion of degeneration {unknown}
 u - a potion of agility {unknown}
 v - a potion of ambrosia {unknown}
 B - a potion of lignification {unknown}
Comestibles
 e - 2 rations
 x - 8 chunks of flesh


   Skills:
 + Level 4.0 Fighting
 * Level 4.9 Axes
 + Level 0.1 Armour
 + Level 3.7 Dodging
 - Level 1.7 Stealth
 + Level 2.1 Shields


You had 5 spell levels left.
You didn't know any spells.

Dungeon Overview and Level Annotations

Branches:
Dungeon (3/15)

Altars:
Gozag
Sif Muna
Uskayaw
Vehumet
Xom
Zin
The Shining One


Innate Abilities, Weirdness & Mutations

You have large cloven feet.
You are partially covered in molten scales. (AC +2)


Message History

A gnoll comes into view.
You hit the gnoll.
The gnoll is lightly wounded.
The gnoll misses you.
You hit the gnoll but do no damage. Your kick misses the gnoll.
The gnoll is lightly wounded.
The gnoll barely misses you.
You closely miss the gnoll. You kick the gnoll.
The gnoll is lightly wounded.
The gnoll closely misses you.
You barely miss the gnoll.
The gnoll is lightly wounded.
You block the gnoll's attack.
You barely miss the gnoll. Your kick misses the gnoll.
The gnoll is lightly wounded.
The gnoll barely misses you.
You hit the gnoll.
The gnoll is heavily wounded.
You hit the gnoll but do no damage. You kick the gnoll.
The gnoll is severely wounded.
The gnoll closely misses you.
You closely miss the gnoll.
The gnoll is severely wounded.
The gnoll hits you but does no damage.
You barely miss the gnoll.
You kill the gnoll!
Your Fighting skill increases to level 4!
You can now pass through a line of other dancers.
You hit the gnoll. You kick the gnoll.
The gnoll is severely wounded.
The gnoll hits you.
You take 4 damage, and have 44/48 hp.
You now have 5/6 mp.
You closely miss the gnoll.
The gnoll is severely wounded.
You block the gnoll's attack.
Your shield and scale mail prevent you from hitting the gnoll.
The gnoll is severely wounded.
The gnoll barely misses you.
You barely miss the gnoll. Your kick misses the gnoll.
The gnoll is severely wounded.
The gnoll hits you but does no damage.
You hit the gnoll but do no damage.
You kill the gnoll!
You barely miss the gnoll. Your kick misses the gnoll.
The gnoll barely misses you. x2
You hit the gnoll.
The gnoll is lightly wounded.
You block the gnoll's attack.
The gnoll hits you from afar with a halberd!
You take 9 damage, and have 36/48 hp.
You barely miss the gnoll. You kick the gnoll.
The gnoll is moderately wounded.
The gnoll hits you with a flail.
The gnoll hits you from afar with a halberd!
* * * LOW HITPOINT WARNING * * *
You are too injured to fight recklessly!
You take 16 damage, and have 20/48 hp.
MASSIVE DAMAGE!!
You now have 3/6 mp.
You are too injured to fight recklessly!
You are too injured to fight recklessly!
You are too injured to fight recklessly!
You are too injured to fight recklessly!
You are too injured to fight recklessly!
You are too injured to fight recklessly!
You are too injured to fight recklessly!
You are too injured to fight recklessly!
You are too injured to fight recklessly!
You are too injured to fight recklessly!
You are too injured to fight recklessly!
You are too injured to fight recklessly!
You are too injured to fight recklessly!
You are too injured to fight recklessly!
You are too injured to fight recklessly!
You are too injured to fight recklessly!
You are too injured to fight recklessly!
You are too injured to fight recklessly!
You are too injured to fight recklessly!
You are too injured to fight recklessly!
You are too injured to fight recklessly!
You are too injured to fight recklessly!
You are too injured to fight recklessly!
You are too injured to fight recklessly!
You are too injured to fight recklessly!
Unknown command.
You slash the gnoll! Your kick misses the gnoll.
The gnoll is almost dead.
The gnoll hits you but does no damage.
The gnoll hits you from afar with a halberd!
* * * LOW HITPOINT WARNING * * *
Uskayaw will force your foes to helplessly watch your dance.
Uskayaw prepares the audience for your solo!
You take 5 damage, and have 15/48 hp.
You now have 2/6 mp.
The helpless gnoll fails to defend itself.
You slash the gnoll!
You kill the gnoll!
The gnoll is no longer paralysed.
The gnoll hits you from afar with a halberd!
* * * LOW HITPOINT WARNING * * *
You take 12 damage, and have 3/48 hp.
MASSIVE DAMAGE!!
You now have 1/6 mp.
The gnoll hits you with a halberd!
You die... ████......... ..█ ██████.......█████ █.█ .██........█.█ █.█ ..████.......█ █████.███ ...█...█...█.█ █.......█ .....█.......█ █?███...█ ...██████.████ █.███...██ ..██ █.█ █.██.....██ .██ ██▲██

█@█.......█ ███ ██...██
█g██.....██
█.█████.....████.███...██
....██.......██....(...█
..█.█.........█.██.)).██
....∆.........∆.......█
..█.█.........█.█....██
..█.██.......██.█.█.██
███.███..<..███.█.█.█


You could see a gnoll.

Vanquished Creatures
  A centaur (D:3)
  A hound (D:3)
  Jessica (D:2)
  Natasha (twice) (D:2)
  3 gnolls (D:3)
  8 adders
  An ooze (D:1)
  5 worms (D:2)
  A dart slug (D:1)
  3 leopard geckos
  4 orcs (D:3)
  11 bats
  5 giant cockroaches
  4 goblins
  4 hobgoblins
  2 jackals (D:2)
  5 kobolds
  A quokka (D:2)
  2 frilled lizards
  7 rats
71 creatures vanquished.

Notes
Turn   | Place    | Note
-------+----------+-------------------------------------------
     0 | D:1      | Goblin1989 the Demonspawn Monk began the quest for the Orb.
     0 | D:1      | Reached XP level 1. HP: 18/18 MP: 1/1
   194 | D:1      | Gained mutation: You are partially covered in molten scales. (AC +2) [demonic ancestry]
   194 | D:1      | Reached XP level 2. HP: 13/24 MP: 0/2
  1173 | D:2      | Gained mutation: You have large cloven feet. [demonic ancestry]
  1173 | D:2      | Reached XP level 3. HP: 26/29 MP: 3/3
  1772 | D:2      | Reached skill level 1 in Shields
  1772 | D:2      | Reached XP level 4. HP: 31/35 MP: 2/4
  1803 | D:2      | Found a glowing golden altar of the Shining One.
  1804 | D:2      | Found a glowing silver altar of Zin.
  1804 | D:2      | Noticed Jessica
  1805 | D:2      | Found a deep blue altar of Sif Muna.
  1805 | D:2      | Found a hide-covered altar of Uskayaw.
  1819 | D:2      | Found a radiant altar of Vehumet.
  1826 | D:2      | Killed Jessica
  1833 | D:2      | Became a worshipper of Uskayaw the Reveler
  1833 | D:2      | Reached * piety under Uskayaw
  2084 | D:2      | Found a shimmering altar of Xom.
  2103 | D:2      | Reached ** piety under Uskayaw
  2685 | D:2      | Noticed Natasha
  2693 | D:2      | Killed Natasha
  2693 | D:2      | Reached XP level 5. HP: 18/41 MP: 2/5
  2999 | D:2      | Noticed Natasha
  3007 | D:2      | Killed Natasha
  3246 | D:3      | Noticed a centaur
  3258 | D:3      | Reached *** piety under Uskayaw
  3260 | D:3      | Killed a centaur
  3260 | D:3      | Reached XP level 6. HP: 21/48 MP: 3/6
  3930 | D:3      | Found an opulent altar of Gozag.
  4046 | D:3      | Mangled by a gnoll

Skill      XL: |  1  2  3  4  5  6 |
---------------+-------------------+-----
Axes           | 3 4 |  4.9
Dodging        | 3 |  3.7
Shields        | 1 2 |  2.1
Fighting       | 4 |  4.0
Armour         | |  0.1
Stealth        | |  1.7

Action                   |  1- 3 |  4- 6 || total
-------------------------+-------+-------++-------
Melee: Hand axe          |   112 |   186 ||   298
       Kick              |    11 |    49 ||    60
 Stab: Sleeping          |     2 |       ||     2
       Paralysed         |       |     2 ||     2
  Eat: Chunk             |     3 |     7 ||    10
Armor: Robe              |     5 |       ||     5
       Ring mail         |    43 |    59 ||   102
       Scale mail        |       |     7 ||     7
Dodge: Dodged            |    53 |   102 ||   155
Block: Buckler           |     9 |    31 ||    40

Vault maps used:
D:1:      dpeg_arrival_renting
D:2:      grunt_temple_overflow_open, nicolae_overflow_crystal_walls,
          uniq_jessica, uniq_natasha
D:3:      lemuel_round_altar
